 Dungeon Crawl Stone Soup version 0.23.2-1-ga50397a (webtiles) character file.

Game seed: 3418467865775852305

57 Iscandelvey the Vexing (level 3, -4/26 HPs)
             Began as a Demonspawn Arcane Marksman on Apr 17, 2019.
             Slain by an orc
             ... wielding a +0 war axe
              (8 damage)
             ... on level 3 of the Dungeon.
             The game lasted 00:01:50 (1904 turns).

Iscandelvey the Vexing (Demonspawn Arcane Marksman) Turns: 1904, Time: 00:01:51

Health: -4/26      AC:  2    Str: 10    XL:     3   Next: 73%
Magic:  13/13      EV: 13    Int: 15    God:
Gold:   39         SH:  0    Dex: 16    Spells: 3/4 levels left

rFire    . . .     SeeInvis .   i - -2 spear (curse)
rCold    . . .     Gourm    .   (no shield)
rNeg     . . .     Faith    .   e - +0 robe
rPois    .         Spirit   .   (no helmet)
rElec    .         Reflect  .   (no cloak)
rCorr    .         Harm     .   (no gloves)
MR       .....                  (no boots)
Stlth    +.........             (no amulet)
HPRegen  0.08/turn              c - ring of magical power
MPRegen  0.13/turn              b - +3 ring of dexterity

@: no status effects
A: hooves 1, powered by pain 1
a: no special abilities


You were on level 3 of the Dungeon.
You were not hungry.

You visited 1 branch of the dungeon, and saw 3 of its levels.

You collected 39 gold pieces.

Inventory:

Hand Weapons
 a - a +0 hand crossbow
 i - a cursed -2 spear (weapon)
Missiles
 d - 35 bolts
Armour
 e - a +0 robe (worn)
Jewellery
 b - a +3 ring of dexterity (right hand)
 c - a ring of magical power (left hand)
Scrolls
 h - 2 scrolls of identify {unknown}
 j - a scroll of amnesia {unknown}
Comestibles
 f - 4 rations
 g - 2 chunks of flesh


   Skills:
 + Level 1.2 Fighting
 + Level 0.4 Polearms
 + Level 3.0 Crossbows
 + Level 2.1 Dodging
 + Level 1.0 Spellcasting
 + Level 3.3 Hexes


You had 3 spell levels left.
You knew the following spells:

 Your Spells              Type           Power        Failure   Level  Hunger
a - Corona                Hex            ##.....      6%          1    ##.....

Your spell library contained the following spells:

 Spells                   Type           Power        Failure   Level  Hunger
 Slow                     Hex            ##......     10%         2    ###....
 Inner Flame              Hex/Fire       #.......     36%         3    ####...
 Portal Projectile        Hex/Tloc       #.....       36%         3    ####...
 Cause Fear               Hex            ##........   52%         4    #####..
 Leda's Liquefaction      Hex/Erth       #.........   77%         4    #####..


Dungeon Overview and Level Annotations

Branches:
Dungeon (3/15)

Altars:
Kikubaaqudgha


Innate Abilities, Weirdness & Mutations

You have large cloven feet.
You sometimes gain a little power by taking damage.


Message History

You are too injured to fight recklessly!
Firing (i - inventory) No suitable missiles.
Press: ? - help, Shift-Dir - straight line, f - orc
Aim: an orc, wearing a +0 scale mail (heavily wounded)
Okay, then.
You are too injured to fight recklessly!
You are too injured to fight recklessly!
You are too injured to fight recklessly!
You closely miss the orc. The orc closely misses you.
The orc hits you with a cursed -3 club. The orc hits you with a +0 war axe.
* * * LOW HITPOINT WARNING * * *
The orc hits you but does no damage. The orc hits you.
* * * LOW HITPOINT WARNING * * *
You hit the orc but do no damage. The orc hits you but does no damage.
The orc misses you. The orc hits you with a cursed -2 club.
* * * LOW HITPOINT WARNING * * *
The orc misses you.
You barely miss the orc. The orc barely misses you.
The orc hits you with a +0 war axe!
You die...

. . .# #.# #..#
##..#
..######<.#
..........#
.####.o@.[#
......ooo......
######.l#######
...# .#...
#.#### #


You could see 4 orcs and a leopard gecko.

Vanquished Creatures
  2 adders (D:2)
  2 dart slugs (D:1)
  A ball python (D:1)
  A giant cockroach (D:2)
  4 goblins
  3 hobgoblins
  5 jackals (D:1)
  6 kobolds
  6 bats
  A frilled lizard (D:1)
  3 rats
34 creatures vanquished.

Notes
Turn   | Place    | Note
-------+----------+-------------------------------------------
     0 | D:1      | Iscandelvey the Demonspawn Arcane Marksman began the quest
                  | for the Orb.
     0 | D:1      | Reached XP level 1. HP: 15/15 MP: 2/2
   165 | D:1      | Gained mutation: You sometimes gain a little power by
                  | taking damage. [demonic ancestry]
   165 | D:1      | Reached XP level 2. HP: 21/21 MP: 3/3
   915 | D:2      | Gained mutation: You have large cloven feet. [demonic
                  | ancestry]
   915 | D:2      | Reached XP level 3. HP: 25/26 MP: 4/4
   919 | D:2      | Found an ancient bone altar of Kikubaaqudgha.
  1904 | D:3      | Slain by an orc

Skill      XL: |  1  2  3 |
---------------+----------+-----
Crossbows      | 2 3 |  3.0
Dodging        | 2 |  2.1
Fighting       | |  1.2
Polearms       | |  0.4
Spellcasting   | |  1.0
Hexes          | |  3.3

Action                   || total
-------------------------++-------
Melee: Spear             ||    87
       Kick              ||    14
 Fire: Hand crossbow     ||    54
  Use: Potion            ||     1
  Eat: Chunk             ||     3
Armor: Robe              ||    26
Dodge: Dodged            ||    87
